 Dungeon Crawl Stone Soup version 0.18.1-8-gdd0e5ea (webtiles) character file.

62 inmateoo the Poker (level 4, -6/33 HPs)
             Began as a Human Skald on May 21, 2016.
             Mangled by Robin
             ... wielding a +0 trident
              (11 damage)
             ... on level 3 of the Dungeon.
             The game lasted 00:02:52 (2302 turns).

inmateoo the Poker (Human Skald)                    Turns: 2302, Time: 00:02:53

Health: -6/33      AC:  1    Str: 13    XL:     4   Next: 28%
Magic:  7/7        EV:  7    Int: 12    God:
Gold:   136        SH:  0    Dex: 13    Spells: 1 memorised, 6 levels left

rFire  . . .     SeeInvis .     a - +0 spear
rCold  . . .     Gourm    .     f - +0 ring mail
rNeg   . . .     Faith    .     (no shield)
rPois  .         Spirit   .     (no helmet)
rElec  .         Dismiss  .     (no cloak)
rCorr  .         Reflect  .     (no gloves)
SustAt .         Harm     .     (no boots)
MR     .....                    (no amulet)
Stlth  +.........               g - -4 ring of protection (curse)
                                e - +2 ring of evasion

@: not resistant to hostile enchantments, very unstealthy
A: no striking features
a: no special abilities


You were on level 3 of the Dungeon.
You were hungry.

You visited 1 branch of the dungeon, and saw 3 of its levels.

You collected 136 gold pieces.

Inventory:

Hand Weapons
 a - a +0 spear (weapon)
Armour
 f - a +0 ring mail (worn)
Jewellery
 e - a +2 ring of evasion (left hand)
 g - a cursed -4 ring of protection (right hand)
Wands
 j - a wand of confusion (0/48)
Potions
 h - a potion of curing
 k - a potion of flight
 l - a potion of resistance
 m - a potion of cancellation {unknown}
Books
 c - a book of Battle

   Spells                             Type                      Level
   a - Infusion                       Charms                       1
   b - Shroud of Golubria             Charms/Translocation         2
   c - Song of Slaying                Charms                       2
   d - Spectral Weapon                Hexes/Charms                 3
   e - Regeneration                   Charms/Necromancy            3
Comestibles
 d - 2 bread rations


   Skills:
 - Level 2.0 Fighting
 + Level 4.2 Polearms
 - Level 1.0 Armour
 - Level 1.0 Dodging
 - Level 2.0 Spellcasting
 - Level 3.0 Charms


You had 6 spell levels left.
You knew the following spells:

 Your Spells              Type           Power        Failure   Level  Hunger
a - Infusion              Chrm           #...         17%         1    ##.....


Dungeon Overview and Level Annotations

Branches:
Dungeon (3/15)

Altars:

Annotations:
D:3 Robin


Message History

You reach to attack!
You hit Robin.
Robin is moderately wounded.
Robin hits you from afar with a trident!
Attack whom?
Press: ? - help, Dir - move target cursor, f/p - Robin
Aim: Robin, wielding a trident, wearing an animal skin and wearing a helmet (moderately wounded)
You reach to attack!
You hit Robin.
Robin is moderately wounded.
Attack whom?
Press: ? - help, Dir - move target cursor, f/p - Robin
Aim: Robin, wielding a trident, wearing an animal skin and wearing a helmet (moderately wounded)
You reach to attack!
You hit Robin but do no damage.
Robin is moderately wounded.
Robin hits you from afar with a trident!
* * * LOW HITPOINT WARNING * * *
You are too injured to fight recklessly!
Robin says, "Duck!"
There is a stone staircase leading up here.
Robin hits you from afar with a trident!
You die...

#g#.# #.#.# #.#.# #.#.#
#####.#.################
#......J..†....#........
#.###.#g######.#.#######
#.##....#....#.#.#.# #.
#.##..#@#.##.#.#.#.####.
#.##(.#.#.##.#.#.#......
#.##..#.#.##.#...#......
#.##..#.#.##.###.....#..
#.#..................#.#
#.###.#.#.##.###.#####.#
#.....#.#..#.# #.......#
############.#.##.#
#######.#
#............#....# #.#


You could see Robin and an ooze.

Vanquished Creatures
  A worm (D:3)
  A dart slug (D:2)
  3 giant geckos (D:1)
  A giant cockroach (D:3)
  7 goblins
  11 hobgoblins
  9 bats
  4 giant newts
  2 kobolds
  13 rats
52 creatures vanquished.

Notes
Turn   | Place    | Note
--------------------------------------------------------------
     0 | D:1      | inmateoo the Human Skald began the quest for the Orb.
     0 | D:1      | Reached XP level 1. HP: 16/16 MP: 3/3
   221 | D:1      | Reached XP level 2. HP: 22/22 MP: 5/5
   537 | D:1      | Reached skill level 3 in Polearms
   974 | D:2      | Reached XP level 3. HP: 26/27 MP: 6/6
  1685 | D:3      | Reached skill level 4 in Polearms
  1685 | D:3      | Reached XP level 4. HP: 32/33 MP: 7/7
  1998 | D:3      | Noticed Robin
  2302 | D:3      | Mangled by Robin

Skill      XL: |  1  2  3 |
---------------+----------+-----
Polearms       | 3 4 |  4.2
Fighting       | |  2.0
Armour         | |  1.0
Dodging        | |  1.0
Spellcasting   | |  2.0
Charms         | |  3.0

Action                   |  1- 3 |  4- 6 || total
-------------------------+-------+-------++-------
Melee: Spear             |   134 |    66 ||   200
Evoke: Wand              |       |     3 ||     3
  Use: Scroll            |     4 |     2 ||     6
  Eat: Chunk             |     2 |     2 ||     4
Armor: Leather armour    |     4 |       ||     4
       Ring mail         |     5 |     6 ||    11
Dodge: Dodged            |    50 |    30 ||    80
